 Dungeon Crawl Stone Soup version 0.30-a0-851-gbd0d260d8e (webtiles) character file.

Game seed: 9923599900354529852

1690590 krest the Axe Maniac (level 27, 271/271 HPs)
             Began as a Hill Orc Fighter on Mar 4, 2023.
             Was a Priest of Beogh.
             Escaped with the Orb
             ... and 3 runes!
             The game lasted 02:25:27 (65983 turns).

krest the Axe Maniac (Hill Orc Fighter)            Turns: 65983, Time: 02:25:27

Health: 271/271    AC: 44    Str: 23 (29) XL:     27
Magic:  42/47      EV:  6    Int: 13 (14) God:    Beogh [***...]
Gold:   2593       SH: 22    Dex: 14 (18) Spells: 26/26 levels left

rFire   + + +      SeeInvis +    R - +9 broad axe (freeze)
rCold   + . .      Faith    .    T - +1 kite shield {reflect}
rNeg    + + .      Spirit   .    W - +5 gold dragon scales
rPois   +          Reflect  +    l - +2 helmet {SInv}
rElec   +          Rampage  .    d - +1 cloak {rCorr}
rCorr   +                        S - +2 pair of gloves of the Moon {rPois rN++ MP+9 Str-4}
Will    ++...                    G - +2 pair of boots Stlth
                                 H - amulet "Nuin" {rF+ Regen+ Dex+8 Slay+2}
HPRegen 1.45/turn                Q - ring of Brilliance {Drain Fly rElec Int+6 Slay+5}
MPRegen 0.30/turn                e - ring of protection from fire

@: flying
A: iridescent scales 1, large bone plates 1
0: Orb of Zot
}: 3/15 runes: decaying, silver, gossamer
a: Renounce Religion, Smiting


You escaped.
You worshipped Beogh.
Beogh was most pleased with you.
You visited 9 branches of the dungeon, and saw 47 of its levels.
You visited the Abyss 1 time.
You also visited: Bailey.

You collected 7859 gold pieces.
You spent 5266 gold pieces at shops.

Inventory:

Hand Weapons
 R - a +9 broad axe of freezing (weapon)
Armour
 d - a +1 cloak of preservation (worn)
 l - a +2 helmet of see invisible (worn)
 u - the +1 fire dragon scales of Awe {rF++ rC- Regen+ Dex+6}
   (You found it on level 2 of the Depths)

   Dex:       It affects your dexterity (+6).
   rF:        It greatly protects you from fire.
   rC:        It makes you vulnerable to cold.
   Regen:     It increases your rate of health regeneration.
 v - the +1 kite shield of Servitude {rC++}
   (You acquired it on level 1 of the Spider Nest)

   rC:        It greatly protects you from cold.
 x - a +2 tower shield
 G - a +2 pair of boots (worn)
 S - the +2 pair of gloves of the Moon (worn) {rPois rN++ MP+9 Str-4}
   (You found it on level 1 of the Depths)

   Str:       It affects your strength (-4).
   rPois:     It protects you from poison.
   rN:        It greatly protects you from negative energy.
   MP:        It affects your magic capacity (+9).
 T - a +1 kite shield of reflection (worn)
 W - +5 gold dragon scales (worn)
Jewellery
 e - a ring of protection from fire (right hand)
 A - a ring of positive energy
 B - an amulet of reflection
 E - the ring of Nongie Haatu {Will+ EV+5}
   (You found it on level 3 of the Spider Nest)

   [ring of evasion]

   EV:        It affects your evasion (+5).
   Will:      It increases your willpower.
 H - the amulet "Nuin" (around neck) {rF+ Regen+ Dex+8 Slay+2}
   (You found it on level 3 of the Spider Nest)

   [amulet of regeneration]

   Dex:       It affects your dexterity (+8).
   Slay:      It affects your accuracy & damage with ranged weapons and melee
   (+2).
   rF:        It protects you from fire.
   Regen:     It increases your rate of health regeneration.
 L - the amulet "Uvvo" {Faith rElec rPois Regen+ Str-5}
   (You acquired it on level 3 of the Elven Halls)

   [amulet of faith]

   It allows you to gain divine favour quickly.
   Str:       It affects your strength (-5).
   rElec:     It insulates you from electricity.
   rPois:     It protects you from poison.
   Regen:     It increases your rate of health regeneration.
 P - the ring "Lomir" {rC+ MP+9 Stlth+}
   (You found it on level 4 of the Vaults)

   [ring of magical power]

   rC:        It protects you from cold.
   MP:        It affects your magic capacity (+9).
   Stlth:     It makes you more stealthy.
 Q - the ring of Brilliance (left hand) {Drain Fly rElec Int+6 Slay+5}
   (You bought it in a shop on level 2 of the Orcish Mines)

   [ring of flight]

   Int:       It affects your intelligence (+6).
   Slay:      It affects your accuracy & damage with ranged weapons and melee
   (+5).
   rElec:     It insulates you from electricity.
   Fly:       It grants you flight.
   Drain:     It drains your maximum health when unequipped.
 V - the amulet of the Leaf {Acrobat rCorr Stlth+}
   (You took it off a deep elf master archer on level 3 of the Elven Halls)

   [amulet of the acrobat]

   It increases your evasion while moving and waiting.
   rCorr:     It protects you from acid and corrosion.
   Stlth:     It makes you more stealthy.
 Y - the amulet "Tenosk" {Acrobat Rampage *Slow rC+++ Int-4}
   (You found it on level 5 of the Vaults)

   [amulet of the acrobat]

   It increases your evasion while moving and waiting.
   Int:       It affects your intelligence (-4).
   rC:        It renders you almost immune to cold.
   *Slow:     It may slow you when you take damage.
   Rampage:   It bestows one free step when moving towards enemies.
Wands
 y - a wand of digging (2)
 F - a wand of acid (13)
 K - a wand of iceblast (26)
 O - a wand of mindburst (18)
 Z - a wand of paralysis (73)
Scrolls
 a - 16 scrolls of immolation
 j - 7 scrolls of fear
 o - a scroll of enchant armour
 p - 2 scrolls of enchant weapon
 q - 22 scrolls of teleportation
 r - 4 scrolls of summoning
 s - 9 scrolls of magic mapping
 w - 9 scrolls of fog
 M - a scroll of brand weapon
 X - 7 scrolls of silence
Potions
 b - 7 potions of heal wounds
 c - 3 potions of resistance
 g - 5 potions of mutation
 h - 25 potions of curing
 m - 5 potions of attraction
 t - 5 potions of cancellation
 z - 6 potions of flight
 C - 10 potions of haste
 D - 6 potions of berserk rage
 J - 2 potions of invisibility
 N - 7 potions of might
Miscellaneous
 f - a box of beasts
 i - a condenser vane
 k - a phial of floods
 I - a tin of tremorstones (2/2)
 U - a phantom mirror


   Skills:
 + Level 26.6 Fighting
 O Level 27 Axes
 + Level 20.1 Armour
 + Level 23.8 Shields
 * Level 23.7 Invocations
 * Level 20.2 Evocations


You had 26 spell levels left.
You didn't know any spells.
Your spell library contained the following spells:

 Spells                   Type           Power      Damage    Failure   Level
 Apportation              Tloc           0%         N/A       100%        1
 Foxfire                  Conj/Fire      0%         2x1d4     100%        1
 Magic Dart               Conj           0%         1d3       100%        1
 Shock                    Conj/Air       0%         1d3       100%        1
 Slow                     Hex            0%         N/A       100%        1
 Sting                    Tmut/Pois      0%         1d3       100%        1
 Blink                    Tloc           0%         N/A       100%        2
 Call Imp                 Summ           0%         N/A       100%        2
 Ensorcelled Hibernation  Hex/Ice        0%         N/A       100%        2
 Lesser Beckoning         Tloc           0%         N/A       100%        2
 Momentum Strike          Conj/Tloc      0%         3d8       100%        2
 Passwall                 Tmut/Erth      0%         N/A       100%        2
 Poisonous Vapours        Pois/Air       0%         N/A       100%        2
 Scorch                   Fire           0%         2d5       100%        2
 Confusing Touch          Hex            0%         N/A       100%        3
 Dazzling Flash           Conj/Hex       0%         N/A       100%        3
 Frozen Ramparts          Ice            0%         1d1       100%        3
 Gell's Gravitas          Tloc           0%         N/A       100%        3
 Ignite Poison            Fire/Tmut/Pois 0%         N/A       100%        3
 Inner Flame              Hex/Fire       0%         N/A       100%        3
 Kindle Blastsparks       Fire/Tloc/Air  0%         2d10      100%        3
 Mephitic Cloud           Conj/Pois/Air  0%         N/A       100%        3
 Spider Form              Tmut/Pois      0%         N/A       100%        3
 Summon Guardian Golem    Hex/Summ       0%         N/A       100%        3
 Swiftness                Air            0%         N/A       100%        3
 Teleport Other           Tloc           0%         N/A       100%        3
 Vampiric Draining        Necr           0%         2d6       100%        3
 Vhi's Electric Charge    Tloc/Air       0%         N/A       100%        3
 Airstrike                Air            0%         2d(0-16)  100%        4
 Anguish                  Hex/Necr       0%         N/A       100%        4
 Animate Dead             Necr           0%         N/A       100%        4
 Cause Fear               Hex            0%         N/A       100%        4
 Flame Wave               Conj/Fire      0%         2d4       100%        4
 Fulminant Prism          Conj/Hex       0%         3d5       100%        4
 Ice Form                 Ice/Tmut       0%         N/A       100%        4
 Iskenderun's Mystic Bla  Conj/Tloc      0%         2d3       100%        4
 Passage of Golubria      Tloc           0%         N/A       100%        4
 Sticky Flame             Conj/Fire      0%         2d3       100%        4
 Summon Ice Beast         Ice/Summ       0%         N/A       100%        4
 Summon Lightning Spire   Summ/Air       0%         N/A       100%        4
 Alistair's Intoxication  Tmut/Pois      0%         N/A       100%        5
 Arcjolt                  Conj/Air       0%         1d10      100%        5
 Blade Hands              Tmut           0%         N/A       100%        5
 Borgnjor's Vile Clutch   Necr/Erth      0%         N/A       100%        5
 Fireball                 Conj/Fire      0%         3d3       100%        5
 Freezing Cloud           Conj/Ice/Air   0%         6-21      100%        5
 Iskenderun's Battlesphe  Conj           0%         2d6       100%        5
 Lee's Rapid Deconstruct  Erth           0%         3d4*      100%        5
 Silence                  Hex/Air        0%         N/A       100%        5
 Conjure Ball Lightning   Conj/Air       0%         3x3d6     100%        6
 Death Channel            Necr           0%         N/A       100%        6
 Dispersal                Tloc           0%         N/A       100%        6
 Eringya's Noxious Bog    Tmut/Pois      0%         N/A       100%        6
 Iron Shot                Conj/Erth      0%         9d1       100%        6
 Simulacrum               Ice/Necr       0%         N/A       100%        6
 Starburst                Conj/Fire      0%         6d3       100%        6
 Summon Cactus Giant      Summ           0%         N/A       100%        6
 Orb of Destruction       Conj           0%         9d5       100%        7
 Spellforged Servitor     Conj/Summ      0%         N/A       100%        7
 Storm Form               Tmut/Air       0%         N/A       100%        7
 Ignition                 Fire           0%         3d3       100%        8
 Lehudib's Crystal Spear  Conj/Erth      0%         10d2      100%        8
 Maxwell's Capacitive Co  Air            0%         ∞         100%        8
 Polar Vortex             Ice            0%         N/A       100%        9


Dungeon Overview and Level Annotations

Branches:
Dungeon (15/15)            Temple (0/1) D:6            Lair (5/5) D:9
  Swamp (4/4) Lair:3       Spider (4/4) Lair:3        Slime (0/5) Lair:4
    Orc (2/2) D:10            Elf (3/3) Orc:2        Vaults (5/5) D:14
  Crypt (0/3) Vaults:3     Depths (4/4) D:15            Zot (5/5) Depths:4
 Bailey (visited)

Altars:
Ashenzari
Fedhas
Gozag
Hepliaklqana
Kikubaaqudgha
Nemelex Xobeh
Trog
Vehumet
Xom
Yredelemnul
Zin
Jiyva
Lugonu

Shops:
D:1 :   D:4 [***([   Orc:2 =*:=((*(   Elf:3 *:[   Vaults:2 !   Vaults:4 [*((*
Depths:2 *

Portals:
Hell: Depths:1 Depths:2 Depths:3 Depths:4
Abyss: Lair:5 Depths:1 Depths:3 Depths:4
Pandemonium: Depths:2
Ziggurat: Depths:3

Annotations:
D:15 2 transporters, Afiqoirph's ghost, adept DECj
Elf:2 3 runed translucent doors
Depths:1 2 transporters


Innate Abilities, Weirdness & Mutations

You are partially covered in iridescent scales. (AC +2)
You are partially covered in large bone plates. (SH +4)


Message History

A mysterious force pulls you upwards. The hatch slams shut behind you.
There is a stone staircase leading up here.
You fly upwards.
There is a stone staircase leading down here.
Things that are here:
a stone; a +0 short sword A cacodemon and 2 orange demons come into view.
Aiming: Smiting
Press: ? - help, Dir - move target, f - cacodemon Smite: a cacodemon You smite the cacodemon!!!
The cacodemon is moderately wounded.
Aiming: Smiting
Press: ? - help, Dir - move target, f/p - cacodemon Smite: a cacodemon (moderately wounded)
You smite the cacodemon!!!
The cacodemon is severely wounded.
The cacodemon gestures at you.
You easily resist.
Aiming: Smiting
Press: ? - help, Dir - move target, f/p - cacodemon Smite: a cacodemon (severely wounded)
You smite the cacodemon!!!
You kill the cacodemon!
Beogh accepts your kill. You block the orange demon's attack.
The orange demon stings you but does no damage.
You block the orange demon's attack.
There is a stone staircase leading up here.
You block the orange demon's attack.
The orange demon stings you but does no damage.
You fly upwards.
There is a stone staircase leading down here.
Aiming: Dig
Press: ? - help, Q - select action, (/) - cycle Shift-Dir - straight line A rock wall.
This square is covered in magical glow.
The rock shatters into small pieces.
There is a staircase leading out of the dungeon here.
You have escaped!

..# #.#.......#.#.#.#.## ..####
#.#######.#.#.#.#.#### ..##.#
#.........#.#.#.#.##.# ..##.##
#########.#.#.#.#.....
..##..########.......#.#.#.####..
...##......[.#####.#.#.#.#.# #..
....#..#####.#...#.#.#...#.# ##..
.....#...###.#.#.#.#.#####.# #...
...#..##...#.#.#@#.#.#.....###...
...##.#......#.#.#.#.#.#####.....
...##.#...#..#.....#.......#.[#.#
...##.#...##.###.###.#######....#
...##.#......>....)......[...##.#
#####.####......>...........##...
# #..# #......................# #
##.###......#......########.#
#####.............#....## #.#


There were no monsters in sight!

Vanquished Creatures
  4 orbs of fire
  A dread lich (Zot:5)
  2 ancient liches
  Mara (Depths:1)
  The ghost of Zievuqol the Sorcerer, a veteran DjFE of Hepliaklqana (Depths:1)
  The ghost of Saecofuc the Deadly Accurate, a veteran GnSk of Cheibriados (Depths:1)
  11 Killer Klowns
  The ghost of Fopulom the Metallomancer, a veteran GrEE of Ashenzari (Depths:1)
  4 caustic shrikes (Depths:4)
  Xtahua (Depths:4)
  the Lernaean hydra (Swamp:4)
  2 curse toes (Zot:4)
  Jory (Depths:4)
  9 golden dragons
  3 bone dragons
  2 doom hounds (Depths:3)
  Arachne (Spider:2)
  A Brimstone Fiend (Zot:4)
  4 electric golems
  A Tzitzimitl (Depths:3)
  An iron giant (Depths:1)
  Zenata (Vaults:3)
  A walking crystal tome (Depths:4)
  Rupert (D:14)
  Mlioglotl (Swamp:4)
  26 Orb Guardians
  Grunn (Depths:4)
  An Ice Fiend (Zot:2)
  15 tentacled monstrosities
  2 deep elf master archers (Elf:3)
  2 deep elf blademasters (Elf:3)
  An Executioner (Depths:4)
  2 tentacled starspawn (Abyss:3)
  6 quicksilver dragons
  8 titans
  4 sphinxes
  An eldritch tentacle (Depths:1)
  Frances (D:13)
  9 death cobs
  12 shadow dragons
  7 tengu reavers
  10 storm dragons
  A fenstrider witch (Swamp:4)
  12 draconian monks
  7 fire giants
  An emperor scorpion (Spider:4)
  6 frost giants
  5 deep elf sorcerers
  8 draconian knights
  An iron dragon (Vaults:5)
  The ghost of Adeche Beuh the Destroyer, a journeyman DrCj of Qazlal (Spider:3)
  A cacodemon (D:2)
  A balrug (Depths:3)
  16 vault wardens
  10 ghost moths
  A ghost moth (shapeshifter) (Vaults:4)
  Louise (Depths:3)
  3 deep elf elementalists (Elf:3)
  2 draconian shifters
  An orc warlord (Vaults:2)
  6 draconian stormcallers
  21 ironbound preservers
  6 draconian scorchers
  24 very ugly things
  9 ironbound thunderhulks
  A reaper (Depths:3)
  5 draconian annihilators
  A war gargoyle (Vaults:4)
  2 spriggan defenders (Depths:3)
  A broodmother (Spider:4)
  19 stone giants
  17 green draconians
  The ghost of Pyaceloso the Thaumaturge, a journeyman OpFE of Sif Muna (Elf:2)
  The ghost of Dory the Thaumaturge, a journeyman MeEE (Lair:4)
  20 dire elephants
  5 spark wasps
  5 bunyips
  2 eleionomae
  8 black draconians
  5 deep elf demonologists (Elf:3)
  A putrid mouth (Depths:4)
  17 purple draconians
  12 white draconians
  12 red draconians
  9 yellow draconians
  3 deep elf annihilators (Elf:3)
  11 ettins
  2 green deaths
  8 deep elf death magi
  Snorg (D:14)
  14 fire dragons
  3 shambling mangroves (Swamp:4)
  5 deep elf high priests
  3 entropy weavers
  5 great orbs of eyes
  19 yaktaur captains
  4 rakshasas
  A hell beast (Zot:2)
  A ghost crab (Swamp:4)
  Harold (Lair:1)
  5 ice dragons
  32 vault guards
  15 hydras
  A salamander tyrant (Depths:4)
  Erolcha (Orc:1)
  A peacekeeper (Vaults:3)
  5 ogre magi
  4 spriggan air magi
  6 radroaches
  8 ironbound frosthearts
  9 centaur warriors
  2 jorogumos
  2 death knights (Vaults:3)
  6 alligators
  A satyr (shapeshifter) (Vaults:3)
  7 two-headed ogres
  2 death scarabs
  6 death yaks
  Erica (D:10)
  A two-headed ogre (shapeshifter) (Vaults:5)
  7 deep troll earth magi
  14 boulder beetles
  5 tengu warriors
  15 dancing weapons
  10 deep troll shamans
  6 thrashing horrors
  A hell knight (Depths:2)
  3 orc high priests
  7 skeletal warriors
  11 spriggan berserkers
  A skyshark (Lair:2)
  3 salamander mystics (Depths:4)
  7 iron trolls
  6 pharaoh ants (Spider:3)
  12 deep elf knights
  A shadow wraith (Vaults:4)
  57 deep trolls
  3 bog bodies
  2 sun moths
  A deep troll (shapeshifter) (Depths:2)
  A goliath frog (shapeshifter) (Vaults:5)
  10 orb spiders
  2 goliath frogs
  An orange crystal statue (Zot:5)
  A spriggan druid (Swamp:3)
  13 swamp dragons
  Pikel (D:4)
  8 deep elf archers
  The ghost of Kis the Covert, a novice FeIE (Lair:4)
  16 ironbound convokers
  2 glowing orange brains
  7 lindwurms
  4 necromancers
  5 phantasmal warriors
  A swamp dragon (shapeshifter) (Vaults:5)
  9 steelbarb worms
  6 wizards
  21 deep elf pyromancers
  18 deep elf zephyrmancers
  18 harpies
  10 orc knights
  A cyclops (shapeshifter) (Elf:2)
  3 manticores
  3 orc sorcerers
  27 wolf spiders
  48 ugly things
  A wolf spider (shapeshifter) (Depths:1)
  6 cyclopes
  4 large abominations
  A will-o-the-wisp (Swamp:3)
  A rust devil (Depths:2)
  A demonic crawler (Spider:1)
  6 elephants (Lair:3)
  27 moths of wrath
  15 vault sentinels
  An elephant (shapeshifter) (Depths:4)
  13 salamanders
  5 black mambas
  6 torpor snails
  2 orange demons (Depths:2)
  3 gargoyles
  12 cane toads
  2 smoke demons (Lair:5)
  Maggie (D:8)
  2 rime drakes
  5 komodo dragons
  A kobold demonologist (D:12)
  2 tormentors
  42 yaktaurs
  6 tengu conjurers
  2 ancient zymes (Lair:5)
  An efreet (D:15)
  5 trolls
  A merfolk (shapeshifter) (Depths:3)
  23 hornets
  2 polar bears
  6 meliai
  25 tarantellas
  5 tyrant leeches
  A hornet (shapeshifter) (D:15)
  21 blink frogs
  2 dream sheep (shapeshifter)
  4 dream sheep (Lair:5)
  26 jumping spiders
  Sigmund (D:2)
  48 slime creatures
  18 spriggans
  18 culicivoras
  6 air elementals
  3 ynoxinuls (Lair:5)
  A spriggan (shapeshifter) (D:13)
  A wraith (D:13)
  5 wyverns
  38 yaks
  A water elemental (Elf:2)
  A chaos spawn (Depths:2)
  2 fire elementals
  16 humans (D:14)
  7 basilisks
  4 vampire mosquitoes (D:11)
  71 redbacks
  Menkaure (D:4)
  4 wargs
  13 swamp worms
  A swamp worm (shapeshifter) (Vaults:5)
  Duvessa (D:4)
  A water moccasin (shapeshifter) (Depths:3)
  9 water moccasins
  8 swamp drakes
  6 ice beasts
  A black bear (shapeshifter) (Lair:5)
  3 black bears
  19 orc warriors
  A sky beast (D:8)
  7 ogres
  A boggart (Vaults:1)
  4 starcursed masses (Abyss:3)
  7 wolves
  2 phantoms
  11 centaurs
  6 kobold brigands
  2 gnoll sergeants
  11 bullfrogs
  A scorpion (shapeshifter) (Vaults:5)
  A scorpion (D:5)
  An earth elemental (Elf:2)
  17 wights
  Dowan (D:4)
  4 killer bees (D:9)
  11 small abominations
  4 electric eels
  A jelly (D:4)
  4 hounds
  10 orc priests
  Crazy Yiuf (D:2)
  An iron imp (Abyss:3)
  4 iguanas
  14 orc wizards
  A sleepcap (D:6)
  Robin (D:3)
  13 gnolls
  9 adders
  2 white imps
  A dart slug (D:2)
  37 orcs
  4 bats
  3 endoplasms
  4 giant cockroaches
  19 goblins
  8 hobgoblins
  A jackal (D:4)
  26 kobolds
  3 quokkas
  2 ball pythons (D:1)
  4 frilled lizards
  4 rats
  7 briar patches (Swamp:4)
  A bush (Lair:2)
  2 starspawn tentacles (Abyss:3)
1934 creatures vanquished.

Vanquished Creatures (collateral kills)
  An ancient lich (Vaults:4)
  Saint Roka (Vaults:3)
  A sphinx (Depths:4)
  A thorn hunter (Swamp:4)
  2 very ugly things (Vaults:4)
  A war gargoyle (Vaults:3)
  An ironbound preserver (Vaults:4)
  A bunyip (Swamp:4)
  A fire dragon (Depths:4)
  2 great orbs of eyes (Depths:3)
  A jorogumo (Spider:4)
  2 hydras (Swamp:4)
  A peacekeeper (Vaults:4)
  A spriggan berserker (Swamp:4)
  6 deep trolls
  An ironbound convoker (Vaults:4)
  A harpy (shapeshifter) (Vaults:4)
  A steelbarb worm (Spider:4)
  A shining eye (Depths:3)
  An eye of devastation (Depths:3)
  2 vault sentinels (Vaults:3)
  An elf zombie (Vaults:3)
  2 yaktaurs (Vaults:4)
  2 hornets
  A tyrant leech (Swamp:1)
  5 slime creatures (Vaults:3)
  A culicivora (Spider:4)
  2 redbacks (Spider:4)
  A warg (Vaults:3)
  3 swamp worms (Swamp:4)
  An ogre zombie (Vaults:3)
  A glowing shapeshifter skeleton (Vaults:3)
  A human skeleton (Vaults:3)
51 creatures vanquished.

Vanquished Creatures (others)
  2 draconian knights (Zot:5)
  A fire giant (Depths:3)
  An orc warlord (Vaults:4)
  A draconian annihilator (Zot:2)
  12 orc knights
  2 deep elf zephyrmancers (Elf:1)
  4 orc warriors
  A hornet (Swamp:4)
  4 bloated husks
  2 jumping spiders
  An air elemental (Elf:3)
  A culicivora (Spider:4)
  A spriggan (Swamp:4)
  A swamp drake (Swamp:4)
  13 orc priests
  7 orc wizards
  20 orcs
  A briar patch (Swamp:4)
  2 foxfires (Swamp:3)
  18 fungi
  42 plants
  4 starspawn tentacles (Abyss:3)
141 creatures vanquished.

Grand Total: 2126 creatures vanquished

Notes
Turn   | Place    | Note
-------+----------+-------------------------------------------
     0 | D:1      | krest the Hill Orc Fighter began the quest for the Orb.
     0 | D:1      | Reached XP level 1. HP: 19/19 MP: 1/1
   213 | D:1      | Found Gigorch's Book Shop.
   234 | D:1      | Reached XP level 2. HP: 27/27 MP: 2/2
   672 | D:2      | Identified the +1 leather armour "Hiusmula" {+Inv rC+ rN+}
   755 | D:2      | Reached XP level 3. HP: 32/33 MP: 3/3
   804 | D:2      | Reached skill level 3 in Axes
   882 | D:2      | Reached XP level 4. HP: 24/40 MP: 4/4
  1137 | D:2      | Noticed Sigmund
  1145 | D:2      | Killed Sigmund
  1146 | D:2      | Reached skill level 5 in Axes
  1146 | D:2      | Reached XP level 5. HP: 42/47 MP: 5/5
  1146 | D:2      | Reached XP level 6. HP: 50/55 MP: 6/6
  1148 | D:2      | Reached skill level 5 in Fighting
  1339 | D:2      | Found a runed translucent door.
  1340 | D:2      | Noticed Crazy Yiuf
  1346 | D:2      | Killed Crazy Yiuf
  1440 | D:3      | Noticed Robin
  1452 | D:3      | Killed Robin
  2031 | D:4      | Reached skill level 6 in Axes
  2198 | D:4      | Found Pesikh's Magic Scroll Shop.
  2200 | D:4      | Found Kipye's General Store.
  2213 | D:4      | Bought a scroll of identify for 20 gold pieces
  2213 | D:4      | Bought a scroll of identify for 20 gold pieces
  2213 | D:4      | Bought a scroll of teleportation for 30 gold pieces
  2213 | D:4      | Bought a scroll of magic mapping for 75 gold pieces
  2213 | D:4      | Bought a scroll of fog for 40 gold pieces
  2304 | D:4      | Reached XP level 7. HP: 52/61 MP: 7/7
  2340 | D:4      | Found Xiahanef's Armour Boutique.
  2361 | D:4      | Reached skill level 5 in Armour
  2368 | D:4      | Reached skill level 7 in Axes
  2472 | D:4      | Found Unidas's General Store.
  2475 | D:4      | Bought a scroll of identify for 20 gold pieces
  2547 | D:4      | Found Befa's Assorted Antiques.
  2551 | D:4      | Noticed Pikel
  2599 | D:4      | Killed Pikel
  2600 | D:4      | Reached skill level 9 in Axes
  2600 | D:4      | Reached XP level 8. HP: 40/70 MP: 8/8
  2736 | D:4      | Found a blossoming altar of Fedhas.
  2736 | D:4      | Found an ancient bone altar of Kikubaaqudgha.
  2745 | D:4      | Found Ucuryx's Weapon Boutique.
  2812 | D:4      | Found a basalt altar of Yredelemnul.
  2921 | D:4      | Found a shimmering altar of Xom.
  2921 | D:4      | Noticed Duvessa
  2921 | D:4      | Noticed Dowan
  2949 | D:4      | Killed Duvessa
  2950 | D:4      | Reached skill level 1 in Evocations
  2957 | D:4      | Killed Dowan
  3277 | D:4      | Noticed Menkaure
  3283 | D:4      | Killed Menkaure
  3284 | D:4      | Reached skill level 10 in Axes
  3694 | D:4      | Found Gimil's Armour Shoppe.
  3754 | D:5      | Entered Level 5 of the Dungeon
  4029 | D:5      | Reached XP level 9. HP: 74/78 MP: 9/9
  5139 | D:6      | Found a staircase to the Ecumenical Temple.
  5274 | D:6      | Reached skill level 5 in Shields
  5647 | D:4      | Bought a scroll of fear for 48 gold pieces
  5880 | D:7      | Found a bloodstained altar of Trog.
  5894 | D:7      | Reached skill level 11 in Axes
  6240 | D:7      | Found a hazy altar of Hepliaklqana.
  6492 | D:4      | Bought a dented jade amulet for 105 gold pieces
  6586 | D:8      | Found a flagged portal.
  6610 | Bailey   | Entered a bailey
  6733 | Bailey   | Found a burning altar of Makhleb.
  6749 | Bailey   | Reached XP level 10. HP: 69/88 MP: 10/10
  6968 | D:8      | Reached skill level 12 in Axes
  7210 | D:8      | Noticed Maggie
  7219 | D:8      | Killed Maggie
  7361 | D:8      | Found a sparkling altar of Nemelex Xobeh.
  7613 | D:9      | Found a broken altar of Ashenzari.
  7713 | D:9      | Reached skill level 5 in Evocations
  7749 | D:9      | Reached skill level 13 in Axes
  8119 | D:9      | Found a staircase to the Lair.
  8261 | D:9      | Reached XP level 11. HP: 94/95 MP: 11/11
  8532 | D:9      | Identified the +5 scimitar of Division {venom, rN+ Str+4
                  | Dex-5 Stlth+}
  8614 | D:9      | Reached skill level 14 in Axes
  8947 | D:10     | Entered Level 10 of the Dungeon
  9131 | D:4      | Bought a ring of the Octopus King {HP+2 AC+2 EV+2 SH+2
                  | SInv} for 616 gold pieces
  9131 | D:4      | Found the ring of the Octopus King {HP+2 AC+2 EV+2 SH+2
                  | SInv}
  9155 | D:4      | Bought a potion of curing for 30 gold pieces
  9178 | D:4      | Bought a scroll of fog for 40 gold pieces
  9178 | D:4      | Bought a scroll of vulnerability for 40 gold pieces
  9178 | D:4      | Bought a scroll of fog for 40 gold pieces
  9178 | D:4      | Bought a scroll of immolation for 40 gold pieces
  9178 | D:4      | Bought a scroll of enchant armour for 75 gold pieces
  9290 | Lair:1   | Entered Level 1 of the Lair of Beasts
  9290 | Lair:1   | Noticed a death yak
  9290 | Lair:1   | Noticed a death yak
  9293 | Lair:1   | Noticed a death yak
  9296 | Lair:1   | Noticed a death yak
  9296 | Lair:1   | Noticed a death yak
  9312 | D:9      | Killed a death yak
  9360 | D:9      | Killed a death yak
  9468 | D:9      | Killed a death yak
  9497 | Lair:1   | Noticed a death yak
  9508 | D:9      | Killed a death yak
  9512 | D:9      | Killed a death yak
  9727 | Lair:1   | Killed a death yak
  9728 | Lair:1   | Reached skill level 15 in Axes
  9955 | Lair:1   | Reached XP level 12. HP: 95/106 MP: 12/12
  9990 | Lair:1   | Reached skill level 10 in Fighting
 10021 | Lair:1   | Found an opulent altar of Gozag.
 10503 | Lair:1   | Noticed Harold
 10514 | Lair:1   | Killed Harold
 11469 | Lair:2   | Reached skill level 10 in Armour
 11639 | Lair:3   | Noticed a five-headed hydra
 11664 | Lair:2   | Reached skill level 16 in Axes
 11753 | Lair:3   | Found a staircase to the Swamp.
 11782 | Lair:3   | Killed a five-headed hydra
 11836 | Lair:3   | Noticed a skyshark
 12153 | D:10     | Found a staircase to the Orcish Mines.
 12176 | D:10     | Noticed a two-headed ogre
 12183 | D:10     | Killed a two-headed ogre
 12231 | D:10     | Noticed a two-headed ogre
 12238 | D:10     | Killed a two-headed ogre
 12335 | D:10     | Noticed Erica
 12348 | D:10     | Killed Erica
 12733 | Orc:1    | Entered Level 1 of the Orcish Mines
 12734 | Orc:1    | Noticed Erolcha
 12751 | Orc:1    | Killed Erolcha
 12767 | Orc:1    | Found a shimmering altar of Xom.
 12997 | Orc:2    | Entered Level 2 of the Orcish Mines
 13015 | Orc:2    | Found Veileaw's Overcharged Wands.
 13033 | Orc:2    | Found Hainejet's Antique Weapon Shop.
 13182 | Orc:2    | Reached XP level 13. HP: 116/116 MP: 13/13
 13370 | Orc:2    | Reached skill level 10 in Shields
 13373 | Orc:2    | Noticed an ettin
 13379 | Orc:2    | Killed an ettin
 13602 | Orc:2    | Found a staircase to the Elven Halls.
 13763 | Orc:2    | Found Mefikups's Antique Weapon Shop.
 13804 | Orc:2    | Found Ketom's Weapon Shoppe.
 14694 | Orc:2    | Paralysed by an orc sorcerer for 5 turns
 14707 | Orc:1    | Paralysed by an orc sorcerer for 5 turns
 14937 | Orc:2    | Found Xukuypah's Jewellery Emporium.
 14937 | Orc:2    | Found Daj Cuesk's Jewellery Boutique.
 14939 | Orc:2    | Found Uthyxule's Book Emporium.
 14939 | Orc:2    | Found Fehoh's General Store.
 14993 | Orc:2    | Bought a scroll of identify for 36 gold pieces
 14993 | Orc:2    | Bought a scroll of identify for 36 gold pieces
 15055 | Orc:1    | Became a worshipper of Beogh the Brigand
 15571 | Lair:3   | Reached skill level 1 in Invocations
 15700 | Lair:3   | Reached skill level 17 in Axes
 16005 | Lair:3   | Found a hole to the Spider Nest.
 16023 | Lair:3   | Reached * piety under Beogh
 16786 | Lair:4   | Identified the +5 scale mail "Fuid" {rC++ Dex-4 SInv}
 16919 | Lair:4   | Found a viscous altar of Jiyva.
 16919 | Lair:4   | Found a staircase to the Slime Pits.
 16966 | Lair:4   | Found a runed translucent gate.
 16966 | Lair:4   | Found a runed translucent gate.
 16966 | Lair:4   | Found a runed translucent gate.
 17601 | Lair:4   | Noticed Kis's ghost (novice FeIE)
 17601 | Lair:4   | Noticed Dory's ghost (journeyman MeEE)
 17615 | Lair:4   | Killed Kis's ghost
 17629 | Lair:4   | Killed Dory's ghost
 17630 | Lair:4   | Reached XP level 14. HP: 80/127 MP: 16/16
 17829 | Lair:5   | Entered Level 5 of the Lair of Beasts
 17936 | Lair:5   | Reached skill level 10 in Evocations
 18110 | Lair:5   | Reached ** piety under Beogh
 18287 | Lair:5   | Reached skill level 5 in Invocations
 19217 | Lair:5   | Found a corrupted altar of Lugonu.
 19217 | Lair:5   | Found a one-way gate to the infinite horrors of the Abyss.
 19222 | Lair:5   | Reached *** piety under Beogh
 20348 | Orc:2    | Bought the ring of Brilliance {Drain Fly rElec Int+6
                  | Slay+5} for 1011 gold pieces
 21243 | Lair:2   | Found the +8 arc blade {discharge, rElec}
 21997 | D:12     | Reached skill level 18 in Axes
 21997 | D:12     | Reached XP level 15. HP: 111/136 MP: 20/20
 22280 | D:12     | Reached **** piety under Beogh
 22863 | D:13     | You are sucked into a shaft and drop 2 floors!
 22863 | D:15     | Entered Level 15 of the Dungeon
 22892 | D:15     | Identified the +0 trident of Classification {holy, Will+}
 23191 | D:13     | Noticed Frances
 23198 | D:13     | Killed Frances
 24025 | D:14     | Noticed Rupert
 24031 | D:14     | Killed Rupert
 24082 | D:14     | Reached skill level 19 in Axes
 24153 | D:14     | Found a gate to the Vaults.
 24194 | D:14     | Noticed Snorg
 24208 | D:14     | Killed Snorg
 24525 | D:15     | Found a transporter.
 24542 | D:15     | Noticed Afiqoirph's ghost (adept DECj)
 24696 | D:15     | Found a bloodstained altar of Trog.
 24917 | D:15     | Paralysed by an ogre mage for 2 turns
 24990 | D:15     | Reached XP level 16. HP: 147/147 MP: 23/23
 25140 | D:15     | Found a transporter.
 25399 | D:15     | Found a staircase to the Depths.
 25699 | Spider:1 | Entered Level 1 of the Spider Nest
 25972 | Spider:1 | Reached skill level 10 in Invocations
 26355 | Spider:1 | Identified a scroll of acquirement
 26356 | Spider:1 | Acquired the +1 kite shield of Servitude {rC++}
 27262 | Spider:2 | Reached skill level 15 in Fighting
 27329 | Spider:2 | Reached skill level 20 in Axes
 28013 | Spider:2 | Noticed Arachne
 28023 | Spider:2 | Killed Arachne
 28899 | Spider:3 | Got the Octavo of the Gathering and Permutations
 29003 | Spider:3 | Noticed Adeche Beuh's ghost (journeyman DrCj)
 29036 | Spider:3 | Found a transporter.
 29043 | Spider:3 | Reached XP level 17. HP: 156/156 MP: 25/25
 29130 | Spider:3 | Reached skill level 15 in Shields
 29609 | Spider:3 | Found a transporter.
 29731 | Spider:4 | Entered Level 4 of the Spider Nest
 30244 | Spider:4 | Gained mutation: You are somewhat resistant to further
                  | mutation. [mutagenic glow]
 30450 | Spider:4 | Reached skill level 21 in Axes
 30723 | Spider:4 | Reached ***** piety under Beogh
 30926 | Spider:4 | Gained Wardok as an ally
 30931 | Spider:4 | Your ally Wardok died
 31023 | Spider:4 | Gained Bogwik as an ally
 31320 | Spider:4 | Your ally Bogwik died
 31896 | Spider:4 | Identified the +2 hat of Veposum {Str+4 SInv}
 31906 | Spider:4 | Got a gossamer rune of Zot
 32818 | D:4      | Bought a +2 crystal plate armour for 1196 gold pieces
 33004 | Swamp:1  | Entered Level 1 of the Swamp
 33175 | Swamp:1  | You are sucked into a shaft and drop 1 floor!
 33266 | Swamp:2  | HP: 4/160 [acid (8)]
 33780 | Swamp:2  | Reached XP level 18. HP: 141/166 MP: 27/27
 34159 | Swamp:1  | Gained Ugrim as an ally
 35635 | Swamp:4  | Entered Level 4 of the Swamp
 35653 | Swamp:4  | Gained Ogrik as an ally
 35901 | Swamp:4  | Reached skill level 22 in Axes
 36519 | Swamp:4  | Your ally Ogrik died
 36538 | Swamp:4  | Reached ****** piety under Beogh
 36685 | Swamp:4  | Noticed Mlioglotl
 36802 | Swamp:4  | Killed Mlioglotl
 37029 | Swamp:4  | Noticed the 27-headed Lernaean hydra
 37057 | Swamp:4  | Killed the 27-headed Lernaean hydra
 37534 | Swamp:4  | Got a decaying rune of Zot
 38346 | Spider:3 | Killed Adeche Beuh's ghost
 38635 | Spider:3 | Identified the ring of Nongie Haatu {Will+ EV+5}
 38637 | Spider:3 | Identified the amulet "Nuin" {rF+ Regen+ Dex+8 Slay+2}
 38884 | Elf:1    | Entered Level 1 of the Elven Halls
 39219 | Elf:1    | Reached skill level 15 in Armour
 39264 | Elf:1    | Paralysed by an air elemental for 1 turns
 39398 | Elf:1    | Found a radiant altar of Vehumet.
 39591 | Elf:1    | Reached XP level 19. HP: 146/154 MP: 29/29
 39805 | Elf:1    | Paralysed by an air elemental for 1 turns
 39810 | Elf:1    | Paralysed by an air elemental for 1 turns
 40120 | Elf:1    | Identified the +10 plate armour "Timit" {Int+2}
 40277 | Elf:2    | Paralysed by an air elemental for 1 turns
 40404 | Elf:2    | Paralysed by an air elemental for 1 turns
 40474 | Elf:2    | Found a large runed translucent door.
 40474 | Elf:2    | Found a large runed translucent door.
 40495 | Elf:2    | Reached skill level 23 in Axes
 40616 | Elf:2    | Found a runed translucent gate.
 40617 | Elf:2    | Found a runed translucent gate.
 40617 | Elf:2    | Found a runed translucent gate.
 40645 | Elf:2    | Noticed Pyaceloso's ghost (journeyman OpFE)
 40842 | Elf:2    | Paralysed by an air elemental for 1 turns
 41117 | Elf:2    | Killed Pyaceloso's ghost
 41255 | Elf:3    | Entered Level 3 of the Elven Halls
 41336 | Elf:3    | Found Ywoeza's Armour Shop.
 41362 | Elf:3    | Found Ikoilor's Book Boutique.
 41392 | Elf:3    | Paralysed by an air elemental for 1 turns
 41402 | Elf:3    | Found Tagraxod's Assorted Antiques.
 41488 | Elf:3    | Identified the +5 scale mail of Xom, Jumping {Stlth+}
 41952 | Elf:3    | Identified the amulet of the Leaf {Acrobat rCorr Stlth+}
 41952 | Elf:3    | Identified the +8 ice dragon scales of Spite {rF- rC++
                  | Will++ Str+5 Stlth-}
 41983 | Elf:3    | Reached skill level 15 in Invocations
 42143 | Elf:3    | Paralysed by an air elemental for 1 turns
 42157 | Elf:3    | Identified the +1 robe of Copnasag {rF+ Regen+}
 42415 | Elf:3    | Identified the +3 mace "Beetlebane" {freeze, rPois rF-
                  | Dex+6 SInv}
 42505 | Elf:3    | Got the Handbook of Nausea
 42595 | Elf:3    | Identified the +11 sling of the Hall of Blades {flame,
                  | rElec rC+ Will+ SInv}
 42605 | Elf:3    | Identified the +6 short sword of Raloutis {holy, Fragile
                  | rElec rPois Int+5}
 42664 | Elf:3    | Acquired the amulet "Uvvo" {Faith rElec rPois Regen+ Str-5}
 42944 | Vaults:1 | Entered Level 1 of the Vaults
 43135 | Vaults:1 | Reached skill level 15 in Evocations
 43256 | Vaults:1 | Reached XP level 20. HP: 185/187 MP: 31/31
 43752 | Vaults:1 | Reached skill level 24 in Axes
 44575 | Abyss:3  | Cast into level 3 of the Abyss (a wizard)
 44749 | Vaults:2 | Escaped the Abyss
 45415 | Vaults:2 | Reached XP level 21. HP: 196/196 MP: 1/33
 45830 | Vaults:2 | Found Zop Luud's Distillery.
 45849 | Vaults:2 | Bought 2 potions of resistance for 280 gold pieces
 45849 | Vaults:2 | Bought a potion of invisibility for 112 gold pieces
 45849 | Vaults:2 | Bought a potion of invisibility for 112 gold pieces
 46086 | Vaults:3 | You are sucked into a shaft and drop 1 floor!
 46187 | Vaults:4 | Found Loick's Antique Weapon Emporium.
 46190 | Vaults:4 | Found Yplau's General Store.
 46274 | Vaults:4 | Bought a wand of mindburst (9) for 264 gold pieces
 46274 | Vaults:4 | Bought a wand of digging (5) for 441 gold pieces
 46393 | Vaults:4 | Reached skill level 25 in Axes
 46530 | Vaults:3 | Noticed Zenata
 46536 | Vaults:3 | Killed Zenata
 46656 | Vaults:3 | Found a staircase to the Crypt.
 46747 | Vaults:3 | Noticed Saint Roka
 46760 | Vaults:3 | Killed Saint Roka
 47682 | Vaults:4 | Gained Agrik as an ally
 47719 | Vaults:4 | Reached XP level 22. HP: 191/209 MP: 35/35
 47720 | Vaults:4 | Gained Borgoth as an ally
 47787 | Vaults:4 | Your ally Borgoth died
 47926 | Vaults:4 | Identified the ring "Lomir" {rC+ MP+9 Stlth+}
 47984 | Vaults:4 | Found Qaps's Assorted Antiques.
 48122 | Vaults:4 | Bought a scroll of teleportation for 81 gold pieces
 48122 | Vaults:4 | Bought a scroll of summoning for 256 gold pieces
 48151 | Vaults:4 | Found Min Koitz's Antique Armour Shop.
 48541 | Vaults:4 | Found Cihainn's Antique Weapon Emporium.
 48724 | Vaults:5 | Entered Level 5 of the Vaults
 48726 | Vaults:5 | Noticed an ancient lich
 48777 | Vaults:4 | Killed an ancient lich
 49150 | Vaults:5 | Paralysed by an ogre mage for 4 turns
 49313 | Vaults:5 | Noticed a golden dragon
 49331 | Vaults:5 | Killed a golden dragon
 49411 | Vaults:5 | Noticed an ancient lich
 49420 | Vaults:5 | Killed an ancient lich
 49614 | Vaults:5 | Identified the +5 double sword of Aheripyjido {flame, rF+
                  | rC+ Will+}
 49725 | Vaults:5 | Identified the +0 ring mail "Kogus" {rPois Will+ Int-2
                  | Dex+2}
 49731 | Vaults:5 | Identified the amulet "Tenosk" {Acrobat Rampage *Slow rC+++
                  | Int-4}
 49733 | Vaults:5 | Identified the +6 glaive "Atwudos" {spect, rElec rPois
                  | Str+2}
 50304 | Vaults:5 | Found the +4 robe of Folly {Brill Will-∞ Int+8}
 50521 | Vaults:5 | Reached XP level 23. HP: 208/220 MP: 36/36
 50614 | Vaults:5 | Got the Precepts of Malediction
 50734 | Vaults:5 | Reached skill level 26 in Axes
 50882 | Vaults:5 | Got a silver rune of Zot
 51217 | Depths:1 | Entered Level 1 of the Depths
 51310 | Depths:1 | Found a transporter.
 51364 | Depths:1 | Found a gateway to Hell.
 51390 | Depths:1 | Noticed Mara
 51403 | Depths:1 | Killed Mara
 51409 | Depths:1 | Identified the +2 pair of gloves of the Moon {rPois rN++
                  | MP+9 Str-4}
 51685 | Vaults:4 | Bought a glowing cloak for 202 gold pieces
 52082 | Depths:1 | Found a runed translucent door.
 52086 | Depths:1 | Noticed Saecofuc's ghost (veteran GnSk)
 52324 | Depths:1 | Found a transporter.
 52452 | Depths:1 | Killed Saecofuc's ghost
 52460 | Depths:1 | Found a runed translucent door.
 52547 | Depths:1 | Noticed a golden dragon
 52547 | Depths:1 | Noticed a golden dragon
 52547 | Depths:1 | Noticed Fopulom's ghost (veteran GrEE)
 52677 | Depths:1 | Killed a golden dragon
 52732 | Depths:1 | Killed a golden dragon
 52803 | Depths:1 | Found a runed translucent door.
 52806 | Depths:1 | Noticed Zievuqol's ghost (veteran DjFE)
 52807 | Depths:1 | Identified the ring of Puixzes {rC- rN+ Str+3 Slay+2}
 52830 | Depths:1 | Killed Zievuqol's ghost
 53104 | Depths:1 | Killed Fopulom's ghost
 53682 | Depths:2 | Identified the +1 leather armour of Vajemmo {Regen+ Dex+4}
 53684 | Depths:2 | Identified the +1 fire dragon scales of Awe {rF++ rC-
                  | Regen+ Dex+6}
 53946 | Depths:2 | Found Zin's Purification Station.
 53971 | Depths:2 | Found a glowing silver altar of Zin.
 53982 | Depths:2 | Found a radiant altar of Vehumet.
 54065 | Depths:2 | Reached XP level 24. HP: 158/234 MP: 37/37
 54364 | Depths:2 | Found a one-way gate leading to the halls of Pandemonium.
 54602 | Depths:3 | Gained Wargrak as an ally
 54626 | Depths:3 | Noticed Louise
 54629 | Depths:3 | Killed Louise
 54670 | Depths:3 | Found a one-way gateway to a ziggurat.
 54964 | Depths:3 | Gained Beowulf as an ally
 55651 | Depths:3 | Identified the +1 hand axe of the Wary Seas {freeze, rElec
                  | rC- Will- Int+7}
 55716 | Depths:4 | Entered Level 4 of the Depths
 55758 | Depths:4 | Noticed Xtahua
 55762 | Depths:4 | Reached skill level 27 in Axes
 55777 | Depths:4 | Killed Xtahua
 55786 | Depths:4 | Noticed Grunn
 55933 | Depths:4 | Killed Grunn
 56398 | Depths:4 | Gained Bladwarg as an ally
 56483 | Depths:4 | Your ally Bladwarg died
 56488 | Depths:4 | Gained Geork as an ally
 56511 | Depths:4 | Found a gate to the Realm of Zot.
 56554 | Depths:4 | Noticed Jory
 56556 | Depths:4 | Your ally Geork died
 56568 | Depths:4 | Killed Jory
 56685 | Depths:4 | Noticed a caustic shrike
 56686 | Depths:4 | Noticed a caustic shrike
 56690 | Depths:4 | Noticed a caustic shrike
 56693 | Depths:4 | Noticed a caustic shrike
 56695 | Depths:4 | Killed a caustic shrike
 56699 | Depths:4 | Killed a caustic shrike
 56703 | Depths:4 | Killed a caustic shrike
 56704 | Depths:4 | Reached XP level 25. HP: 116/247 MP: 21/37
 56706 | Depths:4 | Gained Nordag as an ally
 57196 | Zot:1    | Entered Level 1 of the Realm of Zot
 57203 | Zot:1    | Noticed an orb of fire
 57208 | Zot:1    | Killed an orb of fire
 57334 | Zot:1    | Your ally Nordag died
 58736 | Zot:2    | Gained mutation: You do not regenerate when monsters are
                  | visible. [mutagenic glow]
 58771 | Zot:1    | Gained mutation: Your spells are a little easier to cast,
                  | but a little less powerful. [mutagenic glow]
 58790 | Zot:1    | Gained mutation: You occasionally shout uncontrollably at
                  | your foes. [mutagenic glow]
 60664 | Zot:3    | Lost mutation: You are somewhat resistant to further
                  | mutation. [potion of mutation]
 60664 | Zot:3    | Lost mutation: Your spells are a little easier to cast, but
                  | a little less powerful. [potion of mutation]
 60664 | Zot:3    | Gained mutation: You have a pair of small horns on your
                  | head. [potion of mutation]
 60664 | Zot:3    | Gained mutation: You possess an exceptional clarity of
                  | mind. [potion of mutation]
 60665 | Zot:3    | Lost mutation: You occasionally shout uncontrollably at
                  | your foes. [potion of mutation]
 60665 | Zot:3    | Lost mutation: You do not regenerate when monsters are
                  | visible. [potion of mutation]
 60665 | Zot:3    | Gained mutation: You are vulnerable to heat. (rF-) [potion
                  | of mutation]
 61106 | Zot:4    | Noticed a Killer Klown
 61304 | Zot:4    | Killed a Killer Klown
 61658 | Zot:4    | Reached XP level 26. HP: 140/259 MP: 38/38
 61956 | Zot:3    | Lost mutation: You have a pair of small horns on your head.
                  | [potion of mutation]
 61956 | Zot:3    | Lost mutation: You are vulnerable to heat. (rF-) [potion of
                  | mutation]
 61956 | Zot:3    | Lost mutation: You possess an exceptional clarity of mind.
                  | [potion of mutation]
 61956 | Zot:3    | Gained mutation: You occasionally shout uncontrollably at
                  | your foes. [potion of mutation]
 62629 | Zot:5    | Entered Level 5 of the Realm of Zot
 63421 | Zot:5    | Noticed a Killer Klown
 63421 | Zot:5    | Noticed an orb of fire
 63421 | Zot:5    | Noticed a Killer Klown
 63421 | Zot:5    | Noticed a Killer Klown
 63421 | Zot:5    | Noticed a Killer Klown
 63421 | Zot:5    | Noticed a Killer Klown
 63421 | Zot:5    | Noticed an orb of fire
 63427 | Zot:5    | Gained mutation: You occasionally lose the ability to drink
                  | potions when taking damage. [an orb of fire]
 63439 | Zot:5    | Noticed a dread lich
 64149 | Zot:5    | Killed a Killer Klown
 64264 | Zot:5    | Noticed an ancient lich
 64264 | Zot:5    | Noticed a Killer Klown
 64281 | Zot:5    | Killed an ancient lich
 64292 | Zot:5    | Killed a Killer Klown
 64292 | Zot:5    | Gained Olfik as an ally
 64426 | Zot:5    | Killed an orb of fire
 64427 | Zot:5    | Noticed an orb of fire
 64433 | Zot:5    | Killed an orb of fire
 64433 | Zot:5    | Noticed a Killer Klown
 64439 | Zot:5    | Your ally Olfik died
 64458 | Zot:5    | Killed a Killer Klown
 64466 | Zot:5    | Killed a Killer Klown
 64473 | Zot:5    | Killed an orb of fire
 64641 | Zot:5    | Noticed a Killer Klown
 64651 | Zot:5    | Killed a Killer Klown
 64865 | Zot:5    | Noticed a Killer Klown
 64866 | Zot:5    | Noticed a Killer Klown
 64871 | Zot:5    | Noticed a Killer Klown
 64886 | Zot:5    | a Killer Klown changed into a titan
 64892 | Zot:5    | Killed a Killer Klown
 65100 | Zot:5    | Reached XP level 27. HP: 258/270 MP: 38/38
 65131 | Zot:5    | Killed a dread lich
 65387 | Zot:5    | Lost mutation: You occasionally lose the ability to drink
                  | potions when taking damage. [potion of mutation]
 65387 | Zot:5    | Lost mutation: You occasionally shout uncontrollably at
                  | your foes. [potion of mutation]
 65387 | Zot:5    | Gained mutation: You are partially covered in large bone
                  | plates. (SH +4) [potion of mutation]
 65387 | Zot:5    | Gained mutation: You are partially covered in iridescent
                  | scales. (AC +2) [potion of mutation]
 65390 | Zot:5    | Got the Orb of Zot
 65983 | D:$      | Escaped with the Orb!

Illustrated notes

Levels and vault maps discovered:
D:1:      matt_arrival_spirals, layout_rooms, serial_shops, shop,
          hex_intersection, st_stairs_3
D:2:      layout_loops_ring, kennysheep_another_room, st_stairs_12,
          nicolae_half_adder, uniq_crazy_yiuf_cottage, uniq_sigmund
D:3:      layout_rooms, moated_statue, grunt_ministairs_1, uniq_robin
D:4:      minmay_evil_eye, layout_basic, mainiacjoe_overflow_chevrons,
          lemuel_crystal_altar, grunt_temple_overflow_growth_and_decay,
          serial_shops, nicolae_shop_crystal, nicolae_shop_trees, shop,
          kennysheep_mini_moat, nicolae_shop_bloodbath_and_beyond,
          ldierk_geyser, nicolae_wooded_promenade, uniq_menkaure, uniq_duvessa,
          uniq_pikel
D:5:      layout_loops_ring
D:6:      layout_loops_corners, minmay_temple_entry_enclosed_plants
D:7:      layout_rooms, mainiacjoe_overflow_concentric_impassable,
          mainiacjoe_overflow_six_doors_small
D:8:      layout_loops_ring, nemelex_diamond_rough_becter, enter_bailey_3,
          uniq_maggie
D:9:      layout_irregular_city, lemuel_doored_altar, hellmonk_lair_entry_icy
D:10:     layout_long_grid, david_orc_3, uniq_erica
D:11:     layout_basic
D:12:     layout_rooms
D:13:     layout_basic, grunt_decor_clamped, uniq_frances
D:14:     layout_loops_ring, david_vaults_3, uniq_snorg
D:15:     hangedman_depths_entry_try_elsewhere_first, layout_long_grid,
          nicolae_wwwww, gammafunk_ghost_wrathful_warriors,
          minmay_increasing_density, uniq_rupert
Lair:1:   layout_cave_pods, basic_altar, beast_lair_carwin_4,
          serial_bayou_shore_b, lemuel_fruit_tree, infiniplex_staircase_pool_2,
          uniq_harold
Lair:2:   layout_roguey, serial_bayou_ford_a, minmay_lindwurm_lava
Lair:3:   layout_regular_city, minmay_swamp_entry_reptiles,
          nicolae_spider_entry_orb_guardian, serial_bayou_shore_b,
          lemuel_fruit_fields, serial_bayou_shore_a
Lair:4:   layout_cave_pods, dpeg_slime_entry_enclosed, gammafunk_ghost_cemetery,
          lemuel_fruit_fields
Lair:5:   hellmonk_lair_end_abyssal_woods, layout_hall_layers,
          hangedman_lair_unloving_vines, grunt_forest_large_clearing_hut,
          grunt_megastairs_4, serial_bayou_shore_b
Swamp:1:  layout_basic_swamp, serial_swamp_ruin, evilmike_swamp_ruin_house_4,
          hangedman_swamp_ruin_wall, evilmike_swamp_ruin_house_6
Swamp:2:  layout_basic_swamp, evilmike_swamp_ruin_house_3
Swamp:3:  layout_falls_marsh, hangedman_swamp_cone, swamp_pool5,
          nicolae_swamp_small_spring
Swamp:4:  swamp_old_school, layout_basic_swamp, uniq_mlioglotl
Spider:1: layout_chambers, drop_trap, nicolae_spider_baby_got_redback
Spider:2: layout_spider_delve, drop_trap, uniq_arachne
Spider:3: layout_spider_delve, gammafunk_ghost_berserking_beasts
Spider:4: grunt_spider_rune_parallel, nicolae_spider_rock_and_or_roll
Orc:1:    layout_caves, basic_altar, uniq_erolcha
Orc:2:    grunt_orc_tribal_feast, layout_diamond_mine, serial_shops,
          nicolae_shop_hallway_plus, nicolae_square_shop,
          nicolae_shop_hallway_stairs, nicolae_shop_overcharged_wands
Elf:1:    layout_geoelf_diagonals, basic_altar,
          hangedman_elven_crosses_minicolossus
Elf:2:    nicolae_elf_blades_crystal_corner, layout_onion_city,
          ebering_ghost_disaster_area, uniq_donald
Elf:3:    elf_hall_gauntlet_narrow, layout_geoelf_grid, serial_shops, shop,
          nicolae_shop_stone, shop, hangedman_decor_cross_pass
Vaults:1: nicolae_vaults_back_hallway, grunt_vaults_trifunnel,
          vaults_room_octagon, v_misc_29, vaults_room_stairs_pillars,
          dpeg_vaults_monster_box, nicolae_vaults_twisting_passages,
          vaults_dpeg_ring, hangedman_vaults_cutoff, v_misc_11,
          ontoclasm_vaults_tryst, nicolae_vaults_meeting, layout_vaults_omnibox
Vaults:2: v_misc_2, ontoclasm_vaults_fault, v_misc_10,
          nicolae_vaults_little_squares_3, vaults_mumra_minichess_inversion,
          vaults_dpeg_diagonal, vaults_room_hallway,
          nicolae_vaults_specimen_jars, layout_vaults_omnigrid, serial_shops,
          shop
Vaults:3: vaults_dpeg_encased_lava, hangedman_vaults_locks,
          vaults_room_door_hall, blue_anna_dwarven_crypt,
          hangedman_vaults_stretched_pinwheel, v_alt_pattern_1,
          nicolae_vaults_little_squares_2, v_alt_pattern_4,
          vaults_standard_mumra_enter_the_diamond, hangedman_vaults_slice,
          ontoclasm_vaults_shuriken, layout_vaults_ring, uniq_zenata,
          uniq_saint_roka
Vaults:4: st_hourglassy, nicolae_vaults_circle_grid_b, ontoclasm_vaults_gateway,
          hangedman_vaults_stream, vaults_room_pool, v_misc_15,
          grunt_vaults_hallway_short, hangedman_vaults_snaps, v_misc_24,
          nicolae_vaults_little_squares_3, layout_vaults_omnicross,
          serial_shops, nicolae_shop_statue_plus, nicolae_shop_waterfront,
          shop_statue, shop, shop
Vaults:5
Depths:1: layout_big_octagon, hangedman_decor_riveting, hangedman_coc_ice_floe,
          muffindrake_ghost_three_little_ghosts, abyss_entry,
          minmay_misc_feat_five, nrook_campfire, minmay_door_square,
          nicolae_diode_stairs, uniq_mara
Depths:2: minmay_the_grid_triangle_9x9_recursive_2_mashed
          [minmay_the_grid_triangle_9x9_prize_insulated,
          minmay_the_grid_triangle_9x9_swiss_cheese,
          minmay_the_grid_triangle_9x9_thin_v,
          minmay_the_grid_triangle_9x9_dagger], layout_honeycomb, hell_entry,
          rand_demon_pan_entry_3, vehumet_crystals, kennysheep_flooded_box,
          zin_purify
Depths:3: nzn_winding_woodlands_stair_cross [nzn_winding_woodlands_5x15_cabin,
          nzn_winding_woodlands_center_triple_pond,
          nzn_winding_woodlands_5x15_longhouse,
          nzn_winding_woodlands_5x5_checkerboard,
          nzn_winding_woodlands_hourglass, nzn_winding_woodlands_5x15_jagged,
          nzn_winding_woodlands_center_lodge, nzn_winding_woodlands_5x15_pool],
          layout_twisted_cross, enter_ziggurat_d, pf_dread_powers_of_hell,
          kennysheep_big_empty_room, nicolae_abyss_entry_one_way_or_another
Depths:4: evilmike_zot_entry_basic, layout_basic, serial_glass, glass_columns_b,
          glass_columns_a, abyss_entry, hell_entry, patterned_corridor,
          uniq_jory, uniq_grunn, uniq_xtahua
Zot:1:    layout_gridlike
Zot:2:    layout_onion_interference, lemuel_elevator
Zot:3:    layout_misc_corridors
Zot:4:    layout_cathedral_of_symmetry, grunt_ministairs_15, grunt_megastairs_1
Zot:5:    layout_gridlike, bh_zot_ikea_curve, st_stairs_6

Skill      XL: |  1  2  3  4  5  6  7  8  9 10 11 12 13 14 15 16 17 18 19 20 21 22 23 24 25 26 27 |
---------------+----------------------------------------------------------------------------------+-----
Fighting       | 4 5 6 7 8 9 11 12 13 14 15 16 17 18 19 21 22 24 25 26 | 26.6
Axes           | 3 5 6 9 10 11 13 15 16 17 18 19 20 21 22 23 24 25 26 27 | 27.0
Armour         | 4 6 7 8 9 10 11 12 13 14 15 16 17 18 19 20 | 20.1
Shields        | 4 5 7 8 9 11 12 13 14 16 17 18 19 20 21 22 23 | 23.8
Evocations     | 2 4 5 7 8 9 10 11 12 13 14 15 16 17 18 19 20 | 20.2
Invocations    | 3 7 9 11 12 14 15 17 18 19 20 21 22 23 | 23.7

Action                     |  1- 3 |  4- 6 |  7- 9 | 10-12 | 13-15 | 16-18 | 19-21 | 22-24 | 25-27 || total
---------------------------+-------+-------+-------+-------+-------+-------+-------+-------+-------++-------
  Melee: War axe           |    49 |    84 |   268 |   574 |  1146 |  1276 |   285 |       |       ||  3682
         Scimitar          |       |       |       |       |    38 |    79 |       |       |       ||   117
         Broad axe         |       |       |       |       |       |       |   713 |  1105 |   922 ||  2740
         Headbutt          |       |       |       |       |       |       |       |       |    58 ||    58
  Throw: Dart              |       |       |     1 |       |       |       |       |       |       ||     1
 Invoke: Convert to Beogh  |       |       |       |       |     1 |       |       |       |       ||     1
         Smiting           |       |       |       |       |    12 |    47 |    54 |    41 |    47 ||   201
  Evoke: Wand              |       |       |       |     7 |     7 |       |    22 |     1 |     5 ||    42
         Box of beasts     |       |       |       |       |       |       |     1 |       |       ||     1
         Tin of tremorston |       |       |       |       |       |       |     2 |     2 |     2 ||     6
         Phial of floods   |       |       |       |       |       |       |       |       |     3 ||     3
         Condenser vane    |       |       |       |       |       |       |       |       |     3 ||     3
         Phantom mirror    |       |       |       |       |       |       |       |       |     2 ||     2
    Use: Scroll            |       |     5 |     6 |     8 |     5 |    12 |     9 |    10 |    18 ||    73
         Potion            |       |     1 |       |     4 |     1 |     1 |       |     2 |    10 ||    19
   Stab: Distracted        |       |       |       |       |       |       |     1 |     3 |     1 ||     5
 Armour: Scale mail        |    29 |    35 |       |       |       |       |       |       |       ||    64
         Chain mail        |       |    13 |    97 |    72 |       |       |       |       |       ||   182
         Plate armour      |       |       |       |   117 |   547 |   528 |   522 |   566 |       ||  2280
         Crystal plate arm |       |       |       |       |       |   469 |    56 |       |       ||   525
         Gold dragon scale |       |       |       |       |       |       |       |   297 |   719 ||  1016
  Dodge: Dodged            |    25 |    38 |    84 |   215 |   455 |   432 |   409 |   271 |   171 ||  2100
  Block: Buckler           |     9 |    11 |    99 |   304 |   603 |       |       |       |       ||  1026
         Reflection        |       |       |     8 |     5 |    23 |    13 |       |     6 |    17 ||    72
         Kite shield       |       |       |       |       |   210 |  1494 |   834 |   956 |   728 ||  4222

Table legend: (Time is in decaauts)
 A = Elapsed time spent in this place.
 B = Non-inter-level travel time spent in this place.
 C = Inter-level travel time spent in this place.
 D = Time resting spent in this place.
 E = Time spent auto-exploring this place.
 F = Levels seen in this place.
 G = Mean time per level.
                   A        B        C        D        E       F      G
               +--------+--------+--------+--------+--------+-----+--------+
         Total |  64874 |  58952 |   5922 |    428 |  45401 |  49 | 1324.0 |
       Dungeon |  15649 |  13393 |   2256 |      0 |  10661 |  15 | 1043.3 |
          Lair |   8324 |   7425 |    899 |      0 |   6123 |   5 | 1664.8 |
         Swamp |   4591 |   4326 |    265 |      0 |   3474 |   4 | 1147.8 |
   Spider Nest |   7713 |   7408 |    305 |     87 |   5974 |   4 | 1928.2 |
  Orcish Mines |   2543 |   2240 |    303 |      0 |   1652 |   2 | 1271.5 |
   Elven Halls |   3757 |   3452 |    305 |      0 |   2633 |   3 | 1252.3 |
        Vaults |   8275 |   7475 |    800 |    320 |   5324 |   5 | 1655.0 |
        Depths |   5457 |   5142 |    315 |     21 |   3691 |   4 | 1364.2 |
           Zot |   8151 |   7680 |    471 |      0 |   5695 |   5 | 1630.2 |
         Abyss |    157 |    157 |      0 |      0 |      0 |   1 |  157.0 |
        Bailey |    252 |    252 |      0 |      0 |    172 |   1 |  252.0 |
               +--------+--------+--------+--------+--------+-----+--------+

Top non-repeatable levels by time:
Spider:4: 2582 daAuts
   Zot:5: 2513 daAuts
Spider:3: 2281 daAuts
  Lair:5: 2262 daAuts
Vaults:4: 2178 daAuts
     D:4: 2057 daAuts
     D:9: 1955 daAuts
  Lair:1: 1940 daAuts
   Zot:4: 1934 daAuts
Vaults:5: 1769 daAuts
Vaults:2: 1640 daAuts
Depths:1: 1620 daAuts
 Swamp:4: 1607 daAuts
   Orc:2: 1606 daAuts
Spider:1: 1557 daAuts
